 Dungeon Crawl Stone Soup version 0.26-a0-668-gd58323b419 (webtiles) character file.

Game seed: 17527296442409866834

1103 jiml777 the Digger (level 8, -10/43 HPs)
             Began as a Gargoyle Earth Elementalist on Oct 19, 2020.
             Mangled by an orc warrior
             ... wielding a +0 halberd
              (12 damage)
             ... on level 5 of the Dungeon.
             The game lasted 00:28:39 (4873 turns).

jiml777 the Digger (Gargoyle Earth Elementalist)    Turns: 4873, Time: 00:28:40

Health: -10/43     AC:  7    Str: 13    XL:     8   Next: 32%
Magic:  8/14       EV: 13    Int: 17    God:
Gold:   253        SH:  0    Dex: 10    Spells: 9/15 levels left

rFire    . . .     SeeInvis .   p - +1 dagger (venom)
rCold    . . .     Faith    .   (no shield)
rNeg     + . .     Spirit   .   c - +0 robe
rPois    ∞         Reflect  .   (no helmet)
rElec    +         Harm     .   (no cloak)
rCorr    .         Rampage  .   (no gloves)
MR       .....                  (no boots)
Stlth    ++........             (no amulet)
HPRegen  0.14/turn              (no ring)
MPRegen  0.14/turn              (no ring)

@: no status effects
A: negative energy resistance 1, electricity resistance, unbreathing,
petrification resistance, rot immunity, AC +5
a: no special abilities


You were on level 5 of the Dungeon.
You visited 1 branch of the dungeon, and saw 5 of its levels.

You collected 253 gold pieces.

Inventory:

Hand Weapons
 d - a +0 short sword
 m - a +0 hunting sling
 p - a +1 dagger of venom (weapon)
Missiles
 b - 25 stones (quivered)
 i - 83 bolts
 k - 24 arrows
 r - 6 boomerangs
 s - 5 boomerangs of dispersal
Armour
 c - a +0 robe (worn)
Scrolls
 a - 3 scrolls of teleportation
 t - a scroll of amnesia {unknown}
 v - a scroll of remove curse
 w - a scroll of magic mapping {unknown}
Potions
 e - 2 potions of curing
 f - a potion of cancellation
 g - 2 potions of might
 h - 2 potions of brilliance
 l - a potion of resistance
 n - a potion of degeneration {unknown}
 o - a potion of mutation {unknown}
 q - a potion of invisibility
 u - a potion of flight {unknown}


   Skills:
 + Level 1.3 Fighting
 + Level 2.8 Short Blades
 + Level 3.1 Dodging
 + Level 3.2 Stealth
 + Level 4.2 Spellcasting
 * Level 3.2 Conjurations
 * Level 2.6 Transmutations
 + Level 6.6 Earth Magic


You had 9 spell levels left.
You knew the following spells:

 Your Spells              Type           Power        Failure   Level
a - Sandblast             Erth           ####..       1%          1
b - Passwall              Tmut/Erth      ###.....     3%          2
c - Stone Arrow           Conj/Erth      ###...       6%          3

Your spell library contained the following spells:

 Spells                   Type           Power        Failure   Level
 Petrify                  Tmut/Erth      ###.....     22%         4
 Lee's Rapid Deconstruct  Erth           ####......   28%         5


Dungeon Overview and Level Annotations

Branches:
Dungeon (5/15)
 Temple: D:4-7

Altars:
Nemelex Xobeh


Innate Abilities, Weirdness & Mutations

You are resistant to torment.
Your stone body is resilient. (AC +5)
You are immune to poison.
You resist negative energy. (rN+)
You are resistant to electric shocks. (rElec)
You can survive without breathing.
You are immune to petrification.
You are immune to rotting.


Message History

You hit the orc warrior but do no damage.
The orc warrior is poisoned.
The orc warrior is heavily wounded.
The orc warrior misses you.
You hit the orc warrior but do no damage.
The orc warrior looks even sicker.
The orc warrior is heavily wounded.
The orc warrior hits you with a +0 halberd.
You closely miss the orc warrior.
The orc warrior is heavily wounded.
You hit the orc warrior.
The orc warrior looks as sick as possible!
The orc warrior is almost dead.
The orc warrior hits you with a +0 halberd!
* * * LOW HITPOINT WARNING * * *
You barely miss the orc warrior.
The orc warrior is almost dead.
The orc warrior completely misses you.
The orc warrior hits you from afar with a +0 halberd!
You die...

.........# .##.#.#.#.###
............#
...#.#.#.#.############
#.....#............# .#
# ###.########.#.###.#
#.# #.###)## #>#.# #.#
#......#######.#.# #.#
#.##...oo.@<...#.#
#.#####.##...#########.#
..............# #.#
#........##.#.### #.#
...##.#.....#>..# #
#..##.#...#)..#......
#..M............#####
........#.......#
................#


You could see an orc warrior (extremely poisoned) and an orc wizard (fast).

Vanquished Creatures
  Eustachio (D:5)
  Menkaure (D:5)
  An ice beast (D:5)
  3 ogres
  A bullfrog zombie (D:5)
  A centaur skeleton (D:4)
  3 orc wizards (D:4)
  2 hounds (D:5)
  2 iguanas
  3 worker ants
  4 adders
  A shadow imp (D:5)
  4 worms
  2 dart slugs
  6 leopard geckos
  16 orcs
  4 bats
  7 giant cockroaches
  7 goblins
  10 hobgoblins
  4 jackals
  12 frilled lizards
  7 kobolds
  3 rats
105 creatures vanquished.

Notes
Turn   | Place    | Note
-------+----------+-------------------------------------------
     0 | D:1      | jiml777 the Gargoyle Earth Elementalist began the quest for
                  | the Orb.
     0 | D:1      | Reached XP level 1. HP: 10/10 MP: 3/3
   265 | D:1      | Reached skill level 4 in Earth Magic
   265 | D:1      | Reached XP level 2. HP: 14/15 MP: 1/5
   269 | D:1      | Learned a level 2 spell: Passwall
   759 | D:2      | Reached XP level 3. HP: 19/19 MP: 0/6
  1381 | D:2      | Noticed an ogre
  1395 | D:2      | Killed an ogre
  1395 | D:2      | Reached skill level 1 in Transmutations
  1395 | D:2      | Reached skill level 5 in Earth Magic
  1395 | D:2      | Reached XP level 4. HP: 24/24 MP: 4/8
  1395 | D:2      | Reached XP level 5. HP: 28/28 MP: 4/9
  1400 | D:2      | Learned a level 3 spell: Stone Arrow
  2351 | D:3      | Found a sparkling altar of Nemelex Xobeh.
  2507 | D:4      | Reached skill level 1 in Conjurations
  2511 | D:4      | Reached XP level 6. HP: 29/32 MP: 5/10
  2825 | D:4      | Reached skill level 1 in Short Blades
  3927 | D:5      | Entered Level 5 of the Dungeon
  3935 | D:5      | Reached skill level 6 in Earth Magic
  3935 | D:5      | Reached XP level 7. HP: 37/37 MP: 8/12
  4042 | D:5      | Reached skill level 1 in Fighting
  4201 | D:5      | Noticed Eustachio
  4214 | D:5      | Killed Eustachio
  4278 | D:5      | Reached XP level 8. HP: 33/43 MP: 4/13
  4628 | D:5      | Noticed Menkaure
  4861 | D:5      | Killed Menkaure
  4871 | D:5      | HP: 2/43 [orc warrior/+0 halberd (13)]
  4873 | D:5      | Mangled by an orc warrior

Illustrated notes

Levels and vault maps discovered:
D:1:      minmay_arrival_solitary_statue, layout_basic
D:2:      layout_basic
D:3:      layout_rooms, nemelex_altar_shiori
D:4:      layout_basic
D:5:      layout_loops_ring, minmay_temple_entry_hall, dk_rats_in_the_wall,
          uniq_menkaure, uniq_eustachio

Skill      XL: |  1  2  3  4  5  6  7  8 |
---------------+-------------------------+-----
Earth Magic    | 4 5 6 |  6.6
Dodging        | 2 3 |  3.1
Spellcasting   | 3 4 |  4.2
Transmutations | 1 2 |  2.6
Conjurations   | 1 2 3 |  3.2
Short Blades   | 1 2 |  2.8
Fighting       | 1 |  1.3
Stealth        | 3 |  3.2

Action                   |  1- 3 |  4- 6 |  7- 9 || total
-------------------------+-------+-------+-------++-------
Melee: Short sword       |    23 |    74 |       ||    97
       Dagger            |       |    73 |    56 ||   129
 Cast: Sandblast         |    38 |    46 |    38 ||   122
  Use: Scroll            |       |     8 |       ||     8
       Potion            |       |       |     1 ||     1
 Stab: Sleeping          |     1 |       |       ||     1
       Distracted        |       |       |     1 ||     1
Armor: Robe              |     8 |    48 |    13 ||    69
Dodge: Dodged            |    17 |    80 |    36 ||   133

Table legend: (Time is in decaauts)
 A = Elapsed time spent in this place.
 B = Non-inter-level travel time spent in this place.
 C = Inter-level travel time spent in this place.
 D = Time resting spent in this place.
 E = Time spent auto-exploring this place.
 F = Levels seen in this place.
 G = Mean time per level.
                   A        B        C        D        E       F      G
               +--------+--------+--------+--------+--------+-----+--------+
         Total |   4870 |   4779 |     91 |   1192 |   2520 |   5 |  974.0 |
       Dungeon |   4870 |   4779 |     91 |   1192 |   2520 |   5 |  974.0 |
               +--------+--------+--------+--------+--------+-----+--------+

Top non-repeatable levels by time:
     D:4: 1621 daAuts
     D:2: 1267 daAuts
     D:5: 754 daAuts
     D:1: 623 daAuts
     D:3: 602 daAuts
